Khor, lawful male dwarven Archeologist }}}}}}}}}}}}}}}}}}}}}}}}}}}}}}}}}}}}}}}}}}}}}}}}}}}}}}}}}}}}}} }}}}}}}}}}}}}}}}}}}}}}}}}}}}}}}}}}}}}}}}}}}}}}} }}}}}}}}}} -}}}}}}}}}}}}}}}}}}}}}}}}}}}}}}}}}}}}}}-------}}}}}}}}--- |}}}}}}}}}..}.}}..}}}}}}}}}}}}}..}}}}}}|.....--}}}}}}}|.. |.}}}}}}}}}}}.}...}}..}}}}}}}}}}}}}}}}}|--......}}}}}.|... |.}}}}}}---}}}}}}}}}}}}}}}}}}}}}}}}}}---[..|..|}}}}}}.-..- |.}}}}}}|%..}}}}}}}}}.}}...}.}}}}.}}}...^..----}}}}}}.|`.. |%}}}}}}|...%--}}}}}}}}}}}}}}}}}}}}}}----...-|}}}}}}}.|.. ------- cDIJ|.}}}}}}}[.....}}}}...}}}}}}.}}}}}}}}}}}---..|--}}}}} |..|```.[.| .Bhq|.}}}}}}-....|}}}}}}}------}}}}} }| ..| |}}}}} |..|``|...| H^XH|.}}}}}}}}}--- }}}}}}... ....} -- |.. .}}}} |..|`%|.*.| ..r |.}}}}}}}}}}}}}}}}}}| ...|.. | ---.}}}} |..|``|...| |.^. |.}}}}}}..}}}}}}}}}}--- .--- }}}}} |..|..------- |...}|...}}}.}}}}}}...}}}}}| }}}}}} |..|.........| |...}-...}}.}}}}}}}}}}}}}}}| }}}}... |.%--------..| ...}|...}}}}}}}..}}}}}}---- }}}}}}.. |..)..%......| ...|}}}}}....}}}}..}}.| }}}}.... ....`...`...| --}}}}}}}}}}}}}}}}}}- }}}}}}}}} ----------- }}}}}}}}}}}}}}}}}}}}}} }}}}}}}}}} }}}}}}}}}}}}}}}}}}}}}}}}}}}}} }}}}}}}}}}} Khor the Exhumer Experience level: 12 Strength: 25 Dexterity: 13 Constitution: 17 Intelligence: 15 Wisdom: 16 Charisma: 12 Health: 0(86) Energy: 53(53) Def: 25 Gold: 134 Moves: 18545 Dungeon seed: G2QOCL6etmD3lSCO Game ID: Khor_1463644762 Your Inventory: Coins $ - 134 gold pieces Amulets B - an uncursed amulet of reflection (being worn) Weapons G - the blessed greased +3 Grayswandir (weapon in hand) Armor d - an uncursed +0 dwarvish iron helm (being worn) n - an uncursed greased +2 oilskin cloak (being worn) r - a blessed greased +2 gray dragon scale mail (being worn) N - a blessed greased fireproof +2 pair of speed boots (being worn) Y - an uncursed rusty +0 pair of gauntlets of power (being worn) Comestibles a - an uncursed coffee bean g - 8 uncursed food rations j - an uncursed clove of garlic v - an uncursed tin of centipede meat M - an uncursed K-ration Potions K - a blessed potion of object detection Rings C - an uncursed ring of conflict L - an uncursed ring of levitation Wands x - an uncursed wand of magic missile (0:7) y - an uncursed wand of magic missile (0:6) D - an uncursed wand of magic missile (0:3) Tools b - an uncursed oilskin sack c - a blessed oil lamp (0:1198) k - an uncursed skeleton key o - an uncursed leash A - an uncursed magic marker (0:77) R - a blessed oil lamp (0:1208) (alternate weapon; not wielded) T - an uncursed towel Gems f - a blessed luckstone I - an uncursed touchstone Contents of the oilskin sack: 1139 gold pieces an uncursed scroll of blank paper a cursed scroll of blank paper 3 uncursed scrolls of earth a blessed scroll of enchant armor a blessed scroll of gold detection 2 uncursed scrolls of identify an uncursed spellbook of detect unseen an uncursed potion of gain level an uncursed potion of healing 2 potions of holy water an uncursed wand of cold (0:6) a cursed wand of death (0:0) an uncursed wand of digging (0:8) an uncursed wand of digging (0:6) an uncursed wand of digging (0:4) an uncursed wand of digging (0:3) an uncursed wand of digging (0:2) an uncursed wand of digging (0:0) an uncursed wand of opening (0:4) an uncursed wand of sleep (0:2) an uncursed wand of speed monster (0:3) an uncursed wand of striking (0:6) an uncursed wand of striking (0:4) Spells and supernatural/magical abilities: Name Level Category Fail Memory i - invisibility 4 escape 100% 27% B - cure blindness 2 healing 86% 27% W - pray for help -- divine ? -- Your skills at the end: Miscellaneous Skills wands [Basic] Weapon Skills pick-axe [Expert] saber [Expert] boomerang [Basic] whip [Basic] Spellcasting Skills Final Attributes: You had transgressed. You were cold resistant. You were magic-protected. You resisted hallucinations. You had automatic searching. You had infravision. You were stealthy. You were protected. You were very fast. You had reflection. You were unlucky. You had extra luck. Good luck did not time out for you. You are dead. Vanquished creatures: Medusa 2 minotaurs a baluchitherium 4 stone golems a trapper a guardian naga 2 liches a lurker above an Aleax a golden naga 2 vampires a ghost 2 ettins 6 lieutenants a watch captain 2 queen bees 2 giant mimics a fire giant 3 ogre kings 2 ice trolls 4 rock trolls 4 umber hulks an Elvenking a doppelganger a wumpus a long worm 3 stalkers a fire elemental 2 earth elementals 2 water elementals 6 hill giants a giant zombie 3 elf-lords a sergeant 5 wargs 3 small mimics 2 ettin mummies 3 ogre lords a quantum mechanic 8 trolls 4 sharks an electric eel a freezing sphere 2 flaming spheres 2 shocking spheres a large cat 3 tigers a gargoyle a tengu 3 gelatinous cubes a chameleon an energy vortex 4 human mummies a pit viper 2 cobras 3 wraiths a Grey-elf 19 soldiers 4 watchmen an incubus 3 giant beetles 5 cockatrices 3 wolves 5 winter wolf cubs 17 gremlins 13 leprechauns 3 quivering blobs a spotted jelly a lizard 2 orc-captains 6 giant spiders an iron piercer 3 horses a black light a vampire bat 2 orc mummies 3 dwarf mummies an ogre a brown pudding 4 rust monsters 3 owlbears 3 yetis 2 gold golems a werewolf 2 Green-elves 3 giant eels 4 dingos 3 housecats 2 jaguars 2 water nymphs 2 dust vortices 2 plains centaurs 5 gnome mummies 3 snakes 2 apes 5 human zombies a Woodland-elf 5 soldier ants 4 fire ants a bugbear 3 imps 5 wood nymphs 13 Mordor orcs 10 Uruk-hai a pony 2 fog clouds 3 yellow lights a shrieker 2 violet fungi 2 gnome lords 3 kobold mummies a red naga hatchling 2 black naga hatchlings 2 guardian naga hatchlings 4 gray oozes 3 elf zombies 2 ghouls 2 straw golems 4 paper golems 13 giant ants 3 little dogs 10 floating eyes a kitten 3 dwarves 3 homunculi 4 kobold lords 3 kobold shamans 8 iguanas 29 hill orcs 7 rothes 4 centipedes 4 giant bats 8 monkeys 5 orc zombies a dwarf zombie a wererat 3 werejackals 56 killer bees 8 coyotes 4 hobbits an acid blob 2 large kobolds 7 geckos a hobgoblin 7 giant rats 5 cave spiders 2 brown molds 4 yellow molds 2 green molds 4 red molds 10 gnomes 10 garter snakes 7 gnome zombies 15 jackals 3 foxes 7 kobolds 9 newts 3 goblins 6 sewer rats 22 grid bugs a bat 9 lichens 3 kobold zombies 660 creatures vanquished. Voluntary challenges: You had been an atheist until turn 2224. You used a wielded weapon 947 times, starting on turn 2. You did not apply a unicorn horn. You read items or engraved 33 times, starting on turn 1036. You never genocided any monsters. You never polymorphed an object. You changed form 1 time, starting on turn 12299. You cheated 1 time but completed Sokoban on turn 6580. You used 6 wishes, starting on turn 13487. You wished for your your first artifact on turn 13487. You never split a pudding. You wrote Elbereth's name 5 times, starting on turn 1036. You violated your moral code, losing 26 points of alignment, starting on turn 2665. Dungeon overview: The Dungeons of Doom: levels 1 to 27 Level 1 some fountains a long staircase Level 2 a potion shop Level 3 Level 4 a fountain stairs to The Gnomish Mines Level 5 an altar to Huhetotl, a fountain Level 6 many fountains Level 7 a fountain stairs to Sokoban Level 8 a fountain, a sink Level 9 a fountain Level 10 Level 11 a fountain Level 12 portal to The Quest Level 13 some altars to Camaxtli and Huhetotl Level 14 Level 15 Level 16 Level 17 Level 18 Level 19 Level 20 a fountain Level 21 a fountain Level 22 <- You were here Level 23 Level 24 Level 25 Level 26 Level 27 a magic chest, a fountain The Gnomish Mines: levels 5 to 13 Level 5 stairs to The Dungeons of Doom Level 6 Level 7 Level 8 many shops, a temple to Huhetotl, a magic chest, some fountains, a sink Level 9 Level 10 Level 11 Level 12 Level 13 a magic chest, a fountain The Quest: Level 1 portal to The Dungeons of Doom Sokoban: levels 3 to 6 Level 3 a magic chest Level 4 Level 5 Level 6 a magic chest stairs to The Dungeons of Doom History has recorded: On T:1 you entered the Dungeons of Doom to retrieve the Amulet of Yendor! On T:209 you reached level 2 of The Dungeons of Doom. On T:287 you advanced to experience level 2. On T:432 you reached level 3 of The Dungeons of Doom. On T:569 you reached level 4 of The Dungeons of Doom. On T:743 you reached level 5 of The Dungeons of Doom. On T:893 you reached level 1 of The Gnomish Mines. On T:950 you advanced to experience level 3. On T:1254 you reached level 2 of The Gnomish Mines. On T:1741 you reached level 3 of The Gnomish Mines. On T:1857 you reached level 5 of The Gnomish Mines. On T:1875 you advanced to experience level 4. On T:1992 you reached level 4 of The Gnomish Mines. On T:2044 you advanced to experience level 5. On T:2187 you opened a magic chest. On T:2218 you entered the Minetown temple On T:2239 you opened a magic chest. On T:2240 you opened a magic chest. On T:2240 you opened a magic chest. On T:2240 you opened a magic chest. On T:2243 you opened a magic chest. On T:2243 you opened a magic chest. On T:2281 you opened a magic chest. On T:2344 you advanced to experience level 6. On T:2459 you opened a magic chest. On T:2460 you opened a magic chest. On T:2461 you opened a magic chest. On T:3148 you advanced to experience level 7. On T:3590 you opened a magic chest. On T:3597 you opened a magic chest. On T:3600 you opened a magic chest. On T:3652 you opened a magic chest. On T:4026 you reached level 6 of The Dungeons of Doom. On T:4444 you reached level 7 of The Dungeons of Doom. On T:4515 you reached level 8 of The Dungeons of Doom. On T:4551 you advanced to experience level 8. On T:4754 you reached level 4 of Sokoban. On T:4866 you opened a magic chest. On T:5080 you reached level 3 of Sokoban. On T:5465 you reached level 2 of Sokoban. On T:5753 you reached level 1 of Sokoban. On T:6580 you entered the Sokoban zoo. On T:6707 you opened a magic chest. On T:6749 you opened a magic chest. On T:6955 you reached level 9 of The Dungeons of Doom. On T:7286 you advanced to experience level 9. On T:7688 you reached level 10 of The Dungeons of Doom. On T:7708 you reached level 11 of The Dungeons of Doom. On T:7931 you opened a magic chest. On T:7932 you opened a magic chest. On T:7932 you opened a magic chest. On T:7933 you opened a magic chest. On T:8541 you reached level 12 of The Dungeons of Doom. On T:8846 you reached level 1 of The Quest. On T:8861 you reached level 13 of The Dungeons of Doom. On T:9645 you opened a magic chest. On T:9646 you opened a magic chest. On T:9649 you opened a magic chest. On T:9678 you opened a magic chest. On T:9679 you opened a magic chest. On T:9863 you opened a magic chest. On T:9863 you opened a magic chest. On T:9890 you opened a magic chest. On T:9890 you opened a magic chest. On T:9923 you opened a magic chest. On T:9925 you opened a magic chest. On T:9925 you opened a magic chest. On T:9927 you opened a magic chest. On T:9941 you opened a magic chest. On T:9941 you opened a magic chest. On T:10646 you reached level 14 of The Dungeons of Doom. On T:10647 you reached level 15 of The Dungeons of Doom. On T:10811 you reached level 16 of The Dungeons of Doom. On T:11317 you advanced to experience level 10. On T:11327 you reached level 17 of The Dungeons of Doom. On T:11871 you reached level 18 of The Dungeons of Doom. On T:12293 you reached level 19 of The Dungeons of Doom. On T:12498 you reached level 20 of The Dungeons of Doom. On T:12716 you reached level 21 of The Dungeons of Doom. On T:12793 you reached level 22 of The Dungeons of Doom. On T:12795 you reached level 23 of The Dungeons of Doom. On T:12855 you reached level 24 of The Dungeons of Doom. On T:12880 you killed Medusa on level 22 of The Dungeons of Doom. On T:12929 you reached level 25 of The Dungeons of Doom. On T:12934 you reached level 26 of The Dungeons of Doom. On T:12938 you reached The Castle. On T:12988 you advanced to experience level 11. On T:13479 you opened a magic chest. On T:13479 you opened a magic chest. On T:13480 you opened a magic chest. On T:13482 you opened a magic chest. On T:13482 you opened a magic chest. On T:13483 you opened a magic chest. On T:13484 you opened a magic chest. On T:13487 you wished for "blessed fixed greased +2 grayswandir". On T:13535 you wished for "blessed fixed greased +2 gray dragon scale armor". On T:13536 you wished for "blessed fixed greased +2 gray dragon scale mail". On T:13691 you wished for "blessed fixed greased +2 speed boots". On T:14487 you advanced to experience level 12. On T:15437 you opened a magic chest. On T:15438 you opened a magic chest. On T:15438 you opened a magic chest. On T:15441 you opened a magic chest. On T:15442 you opened a magic chest. On T:15570 you opened a magic chest. On T:15600 you opened a magic chest. On T:15881 you reached level 6 of The Gnomish Mines. On T:15895 you reached level 8 of The Gnomish Mines. On T:15896 you reached level 9 of The Gnomish Mines. On T:15896 you reached the bottom of the Mines. On T:16530 you opened a magic chest. On T:16532 you opened a magic chest. On T:16534 you opened a magic chest. On T:16840 you reached level 7 of The Gnomish Mines. On T:17287 you opened a magic chest. On T:17288 you opened a magic chest. On T:17289 you opened a magic chest. On T:17289 you opened a magic chest. On T:17290 you opened a magic chest. On T:17290 you opened a magic chest. On T:17307 you opened a magic chest. On T:17307 you opened a magic chest. On T:17329 you opened a magic chest. On T:17334 you wished for "blessed fixed greased +2 oilskin cloak". On T:17337 you wished for "blessed magic marker". On T:17355 you opened a magic chest. On T:17377 you opened a magic chest. On T:17379 you opened a magic chest. On T:17397 you opened a magic chest. On T:17397 you opened a magic chest. On T:17397 you opened a magic chest. On T:17398 you opened a magic chest. Score breakdown: Gold: 1273 ( 127 points) Experience: 12 levels ( 1100 points) Exploration: 27 levels ( 780 points) Discoveries: 56 items ( 2000 points) Variety of kills: 163 monsters ( 2000 points) Major goal: Sokoban/Mines ( 1500 points) Survival: died (score multiplied by 3) Total score: 22521 Latest messages: The jabberwock bites! The jabberwock just misses! The jabberwock claws you! The jabberwock misses. The yellow dragon bites! The yellow dragon claws you! (2x) The baluchitherium misses. (2x) The xorn misses. The xorn claws you! (2x) The xorn bites! The green dragon flies into a hole! The fire giant punches you! The raven pecks! The raven misses. Something punches you! You die... Final status: Goodbye Khor the Archeologist, killed by an invisible titan... You died in The Dungeons of Doom on dungeon level 22 with 22521 points, and 1273 pieces of gold, after 18545 moves. You were level 12 with a maximum of 86 hit points when you died.